 Dungeon Crawl Stone Soup version 0.29-a0-322-g68df515428 (webtiles) character file.

Game seed: 11588514735619708860

17 calli0pe the Covered (level 2, -1/27 HPs)
             Began as a Deep Dwarf Fighter on Apr 7, 2022.
             Slain by a black bear (5 damage)
             ... on level 5 of the Dungeon.
             The game lasted 00:02:32 (590 turns).

calli0pe the Covered (Deep Dwarf Fighter)            Turns: 590, Time: 00:02:33

Health: -1/27      AC:  8    Str: 19    XL:     2   Next: 44%
Magic:  2/2        EV:  9    Int:  8    God:
Gold:   81         SH:  4    Dex: 12    Spells: 1/1 levels left

rFire   . . .      SeeInvis .   a - +0 long sword
rCold   . . .      Faith    .   c - +0 buckler
rNeg    . . .      Spirit   .   b - +0 scale mail
rPois   .          Reflect  .   h - +0 helmet
rElec   .          Harm     .   (no cloak)
rCorr   .          Rampage  .   (no gloves)
Will    .....                   (no boots)
Stlth   ..........              (no amulet)
HPRegen 0.00/turn               (no ring)
MPRegen 0.08/turn               (no ring)

@: no status effects
A: damage resistance, heal wounds, sense surroundings 1, no regeneration
a: Heal Wounds


You were on level 5 of the Dungeon.
You visited 1 branch of the dungeon, and saw 5 of its levels.

You collected 81 gold pieces.

Inventory:

Hand Weapons
 a - a +0 long sword (weapon)
Armour
 b - a +0 scale mail (worn)
 c - a +0 buckler (worn)
 h - a +0 helmet (worn)
 j - a +0 scale mail
Scrolls
 g - a scroll of holy word {unknown}
Potions
 d - a potion of might
 e - a potion of curing {unknown}
 f - a potion of mutation {unknown}
 i - a potion of haste {unknown}


   Skills:
 + Level 2.8 Fighting
 + Level 2.3 Long Blades
 + Level 3.6 Armour
 + Level 0.2 Dodging
 + Level 3.5 Shields


You had one spell level left.
You didn't know any spells.
Your spell library was empty.

Dungeon Overview and Level Annotations

Branches:
Dungeon (5/15)
 Temple: D:4-7

Altars:

Shops:
D:1 =


Innate Abilities, Weirdness & Mutations

You are resistant to damage.
You can heal yourself by infusing magical energy.
You passively map a small area around you.
You do not regenerate.


Message History

The hound barely misses you. The adder closely misses you.
You slash the black bear!
The black bear is moderately wounded.
The hound bites you but does no damage. The adder barely misses you.
The black bear closely misses you. The black bear claws you.
You block the black bear's attack. You block the hound's attack.
The black bear bites you.
* * * LOW HITPOINT WARNING * * *
The black bear closely misses you. The black bear claws you.
The adder closely misses you.
You slash the black bear!
The black bear is severely wounded.
The hound bites you but does no damage. The adder barely misses you.
The hound closely misses you.
The black bear bites you but does no damage.
The black bear claws you.
* * * LOW HITPOINT WARNING * * *
You block the black bear's attack. The adder bites you but does no damage.
You hit the black bear.
The black bear is severely wounded.
You block the hound's attack.
The black bear goes berserk!
The hound barely misses you. The adder misses you.
You barely miss the black bear.
The black bear is severely wounded.
The black bear bites you but does no damage.
The black bear claws you.
* * * LOW HITPOINT WARNING * * *
The black bear claws you but does no damage.
The hound bites you but does no damage. You block the adder's attack.
The black bear bites you.
The black bear claws you but does no damage.
The black bear barely misses you. The hound bites you but does no damage.
The adder bites you but does no damage.
You closely miss the black bear.
The black bear is severely wounded.
The black bear bites you but does no damage.
You block the black bear's attack. The black bear barely misses you.
The hound bites you. The adder bites you. The black bear completely misses you.
The black bear claws you.
You die...

, , * * * #.#..
#... * , * *
#..# #### #..#
...##.. * * , *
#....# **
#####Sh.####
#.....@<...# , ,
**
...####h###.!..#
* .... #.#
,....... , , ,,
,, , #.........,
, , ,
#.......... ,
#..........# *
,, ,
#..........# * ,


You could see a black bear (berserk), a hound and an adder.

Vanquished Creatures
  An endoplasm (D:1)
  2 giant cockroaches (D:1)
  A hobgoblin (D:1)
  3 jackals (D:1)
  A quokka (D:1)
  3 bats
  2 kobolds
  3 rats (D:1)
16 creatures vanquished.

Notes
Turn   | Place    | Note
-------+----------+-------------------------------------------
     0 | D:1      | calli0pe the Deep Dwarf Fighter began the quest for the
                  | Orb.
     0 | D:1      | Reached XP level 1. HP: 20/20 MP: 1/1
    91 | D:1      | Reached XP level 2. HP: 22/27 MP: 2/2
   162 | D:1      | Found Ikoe's Jewellery Emporium.
   576 | D:5      | Entered Level 5 of the Dungeon
   577 | D:5      | Noticed a black bear
   590 | D:5      | Slain by a black bear

Illustrated notes

Levels and vault maps discovered:
D:1:      dpeg_arrival_more_subterranean_lakeside_camping, layout_loops_ring,
          serial_shops, shop, minmay_ruptured
D:2:      layout_loops_ring, serial_shops,
          nicolae_shop_competitors_out_of_business,
          hellmonk_ecumenical_altar_leap_of_faith
D:3:      layout_basic, hangedman_decor_slide_cut
D:4:      layout_gridville, trog_wizard, temple_fountains
D:5:      layout_rooms, serial_shops, shop,
          nicolae_shop_temple_entry_statues_fountains, nicolae_lakefront_shop,
          shop, kennysheep_generic_room_8, uniq_menkaure, uniq_sigmund

Action                   || total
-------------------------++-------
Melee: Long sword        ||    72
Armor: Scale mail        ||    88
Dodge: Dodged            ||   101
Block: Buckler           ||    48

Table legend: (Time is in decaauts)
 A = Elapsed time spent in this place.
 B = Non-inter-level travel time spent in this place.
 C = Inter-level travel time spent in this place.
 D = Time resting spent in this place.
 E = Time spent auto-exploring this place.
 F = Levels seen in this place.
 G = Mean time per level.
                   A        B        C        D        E       F      G
               +--------+--------+--------+--------+--------+-----+--------+
         Total |    617 |    617 |      0 |      0 |      0 |   5 |  123.4 |
       Dungeon |    617 |    617 |      0 |      0 |      0 |   5 |  123.4 |
               +--------+--------+--------+--------+--------+-----+--------+

Top non-repeatable levels by time:
     D:1: 386 daAuts
     D:4: 101 daAuts
     D:3: 62 daAuts
     D:2: 49 daAuts
     D:5: 17 daAuts
